 Dungeon Crawl Stone Soup version 0.30-a0-1074-g5db6f66fbb (webtiles) character file.

Game seed: 8285987389696992863

93 Newt the Shooter (level 4, -5/31 HPs)
             Began as a Kobold Hunter on Apr 14, 2023.
             Killed from afar by Blork the orc (6 damage)
             ... with a puff of flame
             ... on level 3 of the Dungeon.
             The game lasted 00:01:59 (2899 turns).

Newt the Shooter (Kobold Hunter)                    Turns: 2899, Time: 00:02:00

Health: -5/31      AC:  5    Str: 14    XL:     4   Next: 91%
Magic:  4/4        EV: 15    Int: 14    God:
Gold:   84         SH:  0    Dex: 20    Spells: 3/3 levels left

rFire   . . .      SeeInvis .    a - +1 shortbow
rCold   . . .      Faith    .    (shield currently unavailable)
rNeg    . . .      Spirit   .    i - +1 leather armour {Will+}
rPois   .          Reflect  .    (no helmet)
rElec   .          Rampage  .    (no cloak)
rCorr   .                        (no gloves)
Will    +....                    l - +0 pair of boots of Wuem Ott {Int+4}
Stlth   +++                      (no amulet)
HPRegen 0.25/turn                n - +6 ring of strength
MPRegen 0.09/turn                (no ring)

@: brilliant
A: small, no large weapons, nightstalker 3
a: no special abilities


You were on level 3 of the Dungeon.
You visited 1 branch of the dungeon, and saw 4 of its levels.

You collected 84 gold pieces.

Inventory:

Hand Weapons
 a - a +1 shortbow (weapon)
Armour
 c - a +1 leather armour
 i - a +1 leather armour of willpower (worn)
 l - the +0 pair of boots of Wuem Ott (worn) {Int+4}
   (You found it on level 3 of the Dungeon)

   Int:       It affects your intelligence (+4).
 q - a +1 chain mail of fire resistance
Jewellery
 n - a +6 ring of strength (left hand)
 o - a +5 ring of evasion
Scrolls
 b - a scroll of immolation
 d - 2 scrolls of magic mapping
 e - a scroll of vulnerability
 f - a scroll of teleportation {unknown}
 j - a scroll of enchant armour
 m - a scroll of poison {unknown}
 p - a scroll of identify
Potions
 g - a potion of heal wounds
 h - a potion of curing {unknown}
 k - 2 potions of brilliance


   Skills:
 - Level 5.0 Fighting
 + Level 5.5 Ranged Weapons
 - Level 2.4 Dodging
 - Level 1.3 Stealth


You had 3 spell levels left.
You didn't know any spells.
Your spell library contained the following spells:

 Spells                   Type           Power      Damage    Failure   Level
 Cigotuvi's Dreadful Rot  Necr/Pois/Air  0%         N/A       50%         2
 Dazzling Flash           Conj/Hex       0%         N/A       73%         3
 Volatile Blastmotes      Fire/Tloc      0%         2d10      73%         3
 Dispel Undead            Necr           0%         3d6       98%         4
 Iskenderun's Mystic Bla  Conj/Tloc      0%         2d3       98%         4
 Death Channel            Necr           0%         N/A       100%        6
 Starburst                Conj/Fire      0%         6d3       100%        6


Dungeon Overview and Level Annotations

Branches:
Dungeon (4/15)
 Temple: D:4-7

Altars:
Cheibriados
Gozag

Annotations:
D:3 Blork the orc
D:4 Menkaure


Innate Abilities, Weirdness & Mutations

You are small and have problems with some larger weapons.
You are completely attuned to the shadows.


Message History

The adder is severely wounded.
You feel sick.
Blork the orc screams, "I'm much stronger than you!"
The adder bites you but does no damage.
Unknown command.
You shoot an arrow. The arrow hits the adder!
You kill the adder!
You feel sick.
You are no longer poisoned.
Menkaure breathes soot at you.
Menkaure calls on the powers of darkness!
Blork the orc convulses!
Your body is wracked with pain!
Blork the orc suddenly roars.
Blork the orc closely misses you. Blork the orc attacks as you move away!
Blork the orc misses you. Blork the orc casts a spell at you.
The puff of frost hits you!
* * * LOW HITPOINT WARNING * * *
There is a stone staircase leading up here.
Unknown command.
You feel much better.
Blork the orc gestures at you while chanting.
The puff of frost hits you! Blork the orc casts a spell at you.
The puff of flame hits you.
You climb upwards.
There is a stone staircase leading down here.
Unknown command.
You shoot an arrow. The arrow closely misses Blork the orc.
Blork the orc casts a spell at you. The magic dart hits you.
Blork the orc points at you and mumbles some strange words.
The puff of flame hits you.
* * * LOW HITPOINT WARNING * * *
It was a potion of brilliance.
You feel clever all of a sudden.
Blork the orc zaps a wand.
The puff of flame hits you!
* * * LOW HITPOINT WARNING * * *
Blork the orc zaps a wand.
The puff of flame hits you.
You die...

#..[..#.#.........
#....)#.#......##.
#.....#.#......###
#.....#...######
#.......#†#
#...#.###.########
#.#.#.#<#.##......
#o#.#...#.##......
#@................
#####.######...... #.#
#...... #.# ##......
##.## #.......
#######...####.......
#..[...._............
#####.#####...####.......
#......# ##.## #.......


You could see Blork the orc (fast).

Vanquished Creatures
  4 adders
  A worm (D:2)
  A dart slug (D:1)
  7 ball pythons
  5 endoplasms
  3 giant cockroaches
  3 goblins
  3 hobgoblins
  5 kobolds
  4 quokkas
  8 bats
  4 frilled lizards
  2 rats
50 creatures vanquished.

Vanquished Creatures (others)
  7 plants (D:2)
7 creatures vanquished.

Grand Total: 57 creatures vanquished

Notes
Turn   | Place    | Note
-------+----------+-------------------------------------------
     0 | D:1      | Newt the Kobold Hunter began the quest for the Orb.
     0 | D:1      | Reached XP level 1. HP: 12/12 MP: 1/1
   163 | D:1      | Reached XP level 2. HP: 18/18 MP: 2/2
   477 | D:1      | Reached XP level 3. HP: 23/23 MP: 3/3
  1056 | D:2      | Reached XP level 4. HP: 22/30 MP: 4/4
  1971 | D:3      | Found a snail-covered altar of Cheibriados.
  2235 | D:3      | Identified the +0 pair of boots of Wuem Ott {Int+4}
  2273 | D:3      | Reached skill level 5 in Fighting
  2883 | D:4      | Noticed Blork the orc
  2884 | D:4      | Found an opulent altar of Gozag.
  2891 | D:4      | Noticed Menkaure
  2899 | D:3      | HP: 1/31 [Blork the orc/puff of flame (7)]
  2899 | D:3      | Killed from afar by Blork the orc

Illustrated notes

Levels and vault maps discovered:
D:1:      evilmike_arrival_fibonacci_small, layout_loops_ring
D:2:      layout_loops_corners, serial_bayou_lagoon_b
D:3:      layout_basic, nicolae_overflow_crystal_walls
D:4:      layout_basic, nicolae_gozag_seed_capital, enter_ossuary_5,
          eino_small_chamber_without_monster, uniq_menkaure, uniq_ijyb,
          uniq_blork_the_orc

Skill      XL: |  1  2  3  4 |
---------------+-------------+-----
Fighting       | 3 4 5 |  5.0
Ranged Weapons | |  5.5
Dodging        | |  2.4
Stealth        | |  1.3

Action                     |  1- 3 |  4- 6 || total
---------------------------+-------+-------++-------
   Fire: Shortbow          |    68 |    43 ||   111
    Use: Scroll            |     1 |     5 ||     6
         Potion            |       |     2 ||     2
 Armour: Leather armour    |     9 |     4 ||    13
  Dodge: Dodged            |    22 |    15 ||    37

Table legend: (Time is in decaauts)
 A = Elapsed time spent in this place.
 B = Non-inter-level travel time spent in this place.
 C = Inter-level travel time spent in this place.
 D = Time resting spent in this place.
 E = Time spent auto-exploring this place.
 F = Levels seen in this place.
 G = Mean time per level.
                   A        B        C        D        E       F      G
               +--------+--------+--------+--------+--------+-----+--------+
         Total |   2953 |   2805 |    148 |      0 |   2527 |   4 |  738.2 |
       Dungeon |   2953 |   2805 |    148 |      0 |   2527 |   4 |  738.2 |
               +--------+--------+--------+--------+--------+-----+--------+

Top non-repeatable levels by time:
     D:2: 1099 daAuts
     D:3: 988 daAuts
     D:1: 845 daAuts
     D:4: 20 daAuts
